 Dungeon Crawl Stone Soup version bcrawl-1.21 (webtiles) character file.

Game seed: 6311313319286082273

911 JackS81 the Carver (level 7, -1/57 HPs)
             Began as a Minotaur Archaeologist on Jan 8, 2020.
             Slain by Prince Ribbit (11 damage)
             ... on level 5 of the Dungeon on Feb 9, 2020.
             The game lasted 00:17:20 (4208 turns).

JackS81 the Carver (Minotaur Archaeologist)         Turns: 4208, Time: 00:17:20

Health: -1/57      AC:  6    Str: 16    XL:     7   Next: 82%
Magic:  6/6        EV: 14    Int: 11    God:
Gold:   233        SH:  2    Dex: 10    Spells: 6/6 levels left

rFire    + . .     SeeInvis .   o - +0 long sword
rCold    . . .     Gourm    .   (no shield)
rNeg     . . .     Faith    .   b - +1 robe
rPois    +         Spirit   .   c - +1 hat
rElec    .         Reflect  .   A - scarf {repulsion}
rCorr    .         Harm     .   (no gloves)
MR       .....                  d - +1 pair of boots
Stlth    ++........             (no amulet)
HPRegen  0.19/turn              h - ring of protection from fire
MPRegen  0.10/turn              x - ring of poison resistance

@: repel missiles
A: retaliatory headbutt, horns 2
a: no special abilities


You were on level 5 of the Dungeon.
You were very hungry.

You visited 1 branch of the dungeon, and saw 5 of its levels.

You collected 233 gold pieces.

Inventory:

Hand Weapons
 a - a +0 whip
 l - a cursed -3 hunting sling
 o - a +0 long sword (weapon)
Missiles
 e - 58 tomahawks
 k - a throwing net {!f}
 p - 54 poisoned tomahawks (quivered)
 u - 600 sling bullets
Armour
 b - a +1 robe (worn)
 c - a +1 hat (worn)
 d - a +1 pair of boots (worn)
 t - a +0 robe of fire resistance
 A - a scarf of repulsion (worn)
Jewellery
 h - a ring of protection from fire (left hand)
 q - an uncursed ring of see invisible
 x - a ring of poison resistance (right hand)
 B - a +4 amulet of reflection {unknown}
Wands
 w - a wand of acid (7)
 y - a wand of random effects (11)
Scrolls
 i - 4 scrolls of teleportation {unknown}
 j - 4 scrolls of identify {unknown}
 m - a scroll of enchant armour {unknown}
 n - a scroll of amnesia {unknown}
 r - a scroll of immolation {unknown}
 s - a scroll of remove curse {unknown}
 v - a scroll of fog {unknown}
Miscellaneous
 f - an ancient crate
Comestibles
 g - 14 rations {!d}


   Skills:
 * Level 3.0 Fighting
 + Level 9.4 Long Blades
 - Level 3.7 Maces & Flails
 - Level 0.5 Slings
 * Level 2.6 Armour
 * Level 5.8 Dodging
 - Level 2.6 Stealth


You had 6 spell levels left.
You didn't know any spells.
Your spell library was empty.

Dungeon Overview and Level Annotations

Branches:
Dungeon (5/12)
 Temple: D:4-7

Altars:
Hepliaklqana
Yredelemnul

Annotations:
D:4 2 runed translucent doors, Quickbrownfox's ghost, amateur MiAc
D:5 Prince Ribbit


Innate Abilities, Weirdness & Mutations

You reflexively headbutt those who attack you in melee.
You have a pair of horns on your head.


Message History

Press: ? - help, Shift-Dir - straight line, f - Prince Ribbit
Aim: Prince Ribbit (moderately wounded)
You throw a poisoned tomahawk.
The poisoned tomahawk barely misses Prince Ribbit.
Prince Ribbit hits you.
You barely miss Prince Ribbit. Your headbutt misses Prince Ribbit.
Prince Ribbit is moderately wounded.
Prince Ribbit hits you!
* * * LOW HITPOINT WARNING * * *
You slash Prince Ribbit!
Prince Ribbit is heavily wounded.
Prince Ribbit barely misses you.
You hit Prince Ribbit.
Prince Ribbit is heavily wounded.
Prince Ribbit hits you.
* * * LOW HITPOINT WARNING * * *
You closely miss Prince Ribbit.
Prince Ribbit is heavily wounded.
Prince Ribbit hits you!
You die...

..................
###....########
#<##.# #.##.# #
#.##.# #.#
###....#####
#..............#
#.#..#########.##
#.....)@F.......#
###..#####.###..#
#. #......# ..
#.####.# ##
#........
#........#
#.####.#.# #.#
#.##. #.# .# #.


You could see Prince Ribbit.

Vanquished Creatures
  Grinder (D:3)
  An ogre (D:4)
  A bullfrog zombie (D:4)
  2 hounds (D:4)
  A gnoll shaman (D:4)
  4 orc wizards
  A centaur skeleton (D:3)
  5 worker ants
  A hound skeleton (D:4)
  7 adders
  6 gnolls
  2 worms
  2 dart slugs
  4 leopard geckos
  16 orcs
  A ball python (D:4)
  2 giant cockroaches
  11 goblins
  7 hobgoblins
  4 jackals
  9 kobolds
  3 quokkas
  A bat (D:1)
  2 frilled lizards
  6 rats
100 creatures vanquished.

Notes
Turn   | Place    | Note
-------+----------+-------------------------------------------
     0 | D:1      | JackS81 the Minotaur Archaeologist began the quest for the
                  | Orb.
     0 | D:1      | Reached XP level 1. HP: 16/16 MP: 0/0
   156 | D:1      | Reached XP level 2. HP: 18/23 MP: 1/1
   651 | D:1      | Reached XP level 3. HP: 28/28 MP: 2/2
   652 | D:1      | Upgraded the game from bcrawl-1.19.2-6-g6a88ae04c9 to
                  | bcrawl-1.21
   710 | D:2      | Reached skill level 1 in Long Blades
   746 | D:2      | Reached skill level 3 in Long Blades
  1354 | D:2      | Reached skill level 4 in Long Blades
  1354 | D:2      | Reached XP level 4. HP: 35/35 MP: 3/3
  1858 | D:3      | Noticed Grinder
  1885 | D:3      | Reached skill level 5 in Long Blades
  2040 | D:3      | Found a hazy altar of Hepliaklqana.
  2040 | D:3      | Found a basalt altar of Yredelemnul.
  2123 | D:3      | Reached skill level 6 in Long Blades
  2202 | D:3      | Reached XP level 5. HP: 20/40 MP: 4/4
  2581 | D:3      | Reached skill level 7 in Long Blades
  2605 | D:3      | Killed Grinder
  2605 | D:3      | Reached skill level 9 in Long Blades
  2605 | D:3      | Reached XP level 6. HP: 47/47 MP: 5/5
  3058 | D:4      | Reached skill level 1 in Armour
  3114 | D:4      | Reached XP level 7. HP: 53/53 MP: 6/6
  3157 | D:4      | Reached skill level 5 in Dodging
  3970 | D:4      | Found a large runed translucent door.
  3970 | D:4      | Found a large runed translucent door.
  3970 | D:4      | Noticed Quickbrownfox's ghost (amateur MiAc)
  4158 | D:5      | Entered Level 5 of the Dungeon
  4188 | D:5      | Noticed Prince Ribbit
  4208 | D:5      | Slain by Prince Ribbit

Skill      XL: |  1  2  3  4  5  6  7 |
---------------+----------------------+-----
Maces & Flails | 2 3 |  3.7
Long Blades    | 4 6 9 |  9.4
Armour         | 1 2 |  2.6
Dodging        | 4 5 |  5.8
Fighting       | 3 |  3.0
Slings         | |  0.5
Stealth        | |  2.6

Action                   |  1- 3 |  4- 6 |  7- 9 || total
-------------------------+-------+-------+-------++-------
Melee: Whip              |    68 |    88 |       ||   156
       Headbutt          |     8 |    11 |    14 ||    33
       Long sword        |       |     3 |   101 ||   104
Throw: Tomahawk          |     2 |    15 |     8 ||    25
  Use: Potion            |     1 |     2 |     1 ||     4
 Stab: Sleeping          |     3 |     3 |       ||     6
  Eat: Chunk             |     1 |     6 |     2 ||     9
Armor: Robe              |    20 |    24 |    17 ||    61
Dodge: Dodged            |    38 |    51 |    49 ||   138
       Deflected         |       |       |     1 ||     1
Block: Other             |       |       |     7 ||     7
